 Dungeon Crawl Stone Soup version 0.30-a0-629-gd54f4be4f7 (webtiles) character file.

Game seed: 1117083589538205603

6356 Mitcholas the Skirmisher (level 10, -12/60 HPs)
             Began as a Deep Elf Hunter on Jan 12, 2023.
             Was a High Priest of Okawaru.
             Killed from afar by Erica (17 damage)
             ... with a bolt of poison
             ... on level 9 of the Dungeon.
             The game lasted 00:30:55 (7925 turns).

Mitcholas the Skirmisher (Deep Elf Hunter)          Turns: 7925, Time: 00:30:56

Health: -12/60     AC: 11    Str:  8    XL:     10   Next: 65%
Magic:  15/15      EV: 15    Int: 15    God:    Okawaru [*****.]
Gold:   590        SH:  5    Dex: 22    Spells: 9/9 levels left

rFire   + . .      SeeInvis +    a - +1 shortbow
rCold   . . .      Faith    .    (shield currently unavailable)
rNeg    . . .      Spirit   .    d - +2 ring mail {rF+}
rPois   .          Reflect  +    i - +0 helmet
rElec   .          Harm     .    y - +0 cloak
rCorr   .          Rampage  .    D - +0 pair of gloves
Will    +....                    (no boots)
Stlth   +++                      G - amulet of reflection
HPRegen 0.30/turn                r - ring of see invisible
MPRegen 0.14/turn                x - +4 ring of slaying

@: lethally poisoned (-12 -> -25), about to teleport, slowed, very slow
A: no striking features
a: Renounce Religion, Heroism, Finesse, Duel


You were on level 9 of the Dungeon.
You worshipped Okawaru.
Okawaru was extremely pleased with you.
You visited 2 branches of the dungeon, and saw 10 of its levels.
You also visited: Bailey.

You collected 590 gold pieces.

Inventory:

Hand Weapons
 a - a +1 shortbow (weapon)
Missiles
 z - 2 throwing nets
 C - 2 boomerangs of dispersal
Armour
 d - a +2 ring mail of fire resistance (worn)
 i - a +0 helmet (worn)
 y - a +0 cloak (worn)
 D - a +0 pair of gloves (worn)
Jewellery
 r - a ring of see invisible (left hand)
 u - an amulet of the acrobat
 x - a +4 ring of slaying (right hand)
 G - an amulet of reflection (around neck)
 K - a +6 ring of intelligence
Wands
 n - a wand of flame (33)
 E - a wand of digging (6)
 I - a wand of quicksilver (3)
Scrolls
 b - a scroll of immolation
 f - 3 scrolls of blinking {unknown}
 g - 4 scrolls of fear
 h - 3 scrolls of enchant weapon
 l - 3 scrolls of teleportation
 m - 3 scrolls of fog
 p - a scroll of summoning {unknown}
 s - 2 scrolls of noise {unknown}
 v - 7 scrolls of poison
 w - 2 scrolls of amnesia {unknown}
 J - a scroll of brand weapon {unknown}
Potions
 c - 6 potions of curing
 e - a potion of heal wounds
 j - a potion of magic
 k - a potion of cancellation
 o - 2 potions of berserk rage
 q - 2 potions of attraction
 A - 2 potions of haste
 B - 2 potions of lignification
 F - a potion of flight {unknown}
 H - a potion of ambrosia {unknown}
 L - a potion of might {unknown}


   Skills:
 + Level 5.9 Fighting
 * Level 13.4 Ranged Weapons
 - Level 4.0 Armour
 + Level 8.4 Dodging
 - Level 5.0 Stealth
 + Level 4.7 Invocations
 + Level 4.6 Evocations


You had 9 spell levels left.
You didn't know any spells.
Your spell library contained the following spells:

 Spells                   Type           Power      Damage    Failure   Level
 Slow                     Hex            0%         N/A       58%         1
 Sublimation of Blood     Necr           0%         N/A       75%         2
 Wereblood                Tmut           0%         N/A       75%         2
 Confusing Touch          Hex            0%         N/A       92%         3
 Vampiric Draining        Necr           0%         2d6       92%         3
 Summon Hydra             Summ           Unusable   N/A       N/A         7

Dungeon Overview and Level Annotations

Branches:
Dungeon (9/15)             Temple (1/1) D:7            Lair (0/5) D:8
    Orc (0/2) D:9          Bailey (visited)

Altars:
Ashenzari
Cheibriados
Elyvilon
Fedhas
Gozag
Hepliaklqana
Kikubaaqudgha
Makhleb
Nemelex Xobeh
Okawaru
Qazlal
Ru
Sif Muna
Trog
Vehumet
Wu Jian
Xom
Yredelemnul
Zin
The Shining One

Shops:
D:4 (   D:8 =

Annotations:
D:9 Erica
Temple 4 transporters


Message History

The roots erupt in riotous growth!
Roots grab the kobold.
The grasping roots constrict Erica!
The grasping roots constrict the kobold.
The kobold struggles to escape constriction.
Erica zaps a wand.
The roots erupt in riotous growth!
The grasping roots grab you! The grasping roots constrict you.
The kobold shouts!
You hear an angry hiss.
Aiming: Fastroot
Press: ? - help, Shift-Dir - straight line, f - kobold brigand, p - kobold
Aim: a kobold brigand, wielding a +0 club and quivering curare-tipped darts The roots erupt in riotous growth!
Roots grab the kobold brigand.
The kobold is unaffected.
Roots grab the kobold.
The now-empty wand crumbles to dust.
The grasping roots constrict Erica!
The grasping roots constrict the kobold brigand!
The grasping roots constrict the kobold.
You kill the kobold!
The grasping roots constrict the kobold!
You kill the kobold!
The roots release their grip on Erica.
A wyvern comes into view.
The kobold brigand escapes!
Erica casts a spell at you.
You feel yourself slow down. The grasping roots constrict you.
The roots grasp on you weakens, but your attempt to escape fails.
Erica drinks a potion.
Erica is healed!
The grasping roots constrict you!
* * * LOW HITPOINT WARNING * * *
The grasping roots release their grip on you.
As you read the scroll of teleportation, it crumbles to dust.
You feel strangely unstable. The kobold brigand barely misses you.
The wyvern bites you!
* * * LOW HITPOINT WARNING * * *
You block the kobold brigand's attack. Erica gestures at you while chanting.
The bolt of poison hits you!
You are lethally poisoned!
You die...

........ ....
.#.......#######.)#
.######........#.)#
......# .....#..#
......# ####..#..# #
......# #..#.....# )#
......# #..#..#..#.)#
##..######..#..#.l...###
....#....#..#..#@K......
....#....'.....#........
....#....#.....#........
....#....#..####..#@.#..
#######'##..# +..#..# #
.........#..# #..#....
########.#### #..# ....
######....# ...# #.. #
#..#......#


You could see Erica, a wyvern and a kobold brigand.

Vanquished Creatures
  A two-headed ogre (D:8)
  An elephant (D:8)
  Maurice (D:8)
  Psyche (D:8)
  Prince Ribbit (D:6)
  Sigmund (D:6)
  2 wyverns (D:8)
  2 basilisks (D:8)
  A yak (D:5)
  2 steam dragons
  Menkaure (D:5)
  A warg (D:9)
  Duvessa (D:5)
  3 water moccasins
  3 ice beasts (D:7)
  2 sky beasts
  An orc warrior (D:9)
  3 ogres
  4 centaurs
  A phantom (D:6)
  Blork the orc (D:5)
  5 bullfrogs
  A necrophage (D:7)
  A scorpion (D:5)
  5 wights (D:6)
  Dowan (D:5)
  3 killer bees (D:8)
  A howler monkey (D:5)
  3 hounds
  3 jellies
  A gnoll bouda (D:5)
  An orc priest (D:9)
  Ijyb (D:5)
  2 iguanas
  5 orc wizards
  Robin (D:3)
  7 adders
  6 gnolls
  2 shadow imps (D:5)
  3 white imps (D:5)
  An ufetubus (D:5)
  3 worms
  2 dart slugs
  27 orcs
  4 ball pythons
  5 endoplasms
  3 giant cockroaches
  16 hobgoblins
  3 jackals (D:2)
  A quokka (D:3)
  6 bats
  3 frilled lizards (D:3)
  11 goblins
  11 kobolds
  4 rats
186 creatures vanquished.

Vanquished Creatures (others)
  A fungus (D:3)
  10 plants (D:3)
11 creatures vanquished.

Grand Total: 197 creatures vanquished

Notes
Turn   | Place    | Note
-------+----------+-------------------------------------------
     0 | D:1      | Mitcholas the Deep Elf Hunter began the quest for the Orb.
     0 | D:1      | Reached XP level 1. HP: 12/12 MP: 3/3
   289 | D:1      | Reached XP level 2. HP: 17/17 MP: 4/4
   731 | D:2      | Reached XP level 3. HP: 21/21 MP: 5/5
  1274 | D:3      | Noticed Robin
  1326 | D:3      | Reached skill level 6 in Ranged Weapons
  1469 | D:3      | Found a faded altar of an unknown god.
  1506 | D:3      | Reached skill level 1 in Armour
  1506 | D:3      | Reached XP level 4. HP: 26/26 MP: 6/6
  1586 | D:3      | Found an iron altar of Okawaru.
  1592 | D:3      | Became a worshipper of Warmaster Okawaru
  1677 | D:3      | Killed Robin
  1830 | D:3      | Found an opulent altar of Gozag.
  2012 | D:4      | Found a shimmering altar of Xom.
  2030 | D:4      | Reached XP level 5. HP: 23/30 MP: 7/7
  2523 | D:4      | Found Esyv's Weapon Boutique.
  2623 | D:4      | Found a broken altar of Ashenzari.
  2713 | D:5      | Entered Level 5 of the Dungeon
  2749 | D:5      | Reached XP level 6. HP: 36/36 MP: 8/8
  2751 | D:5      | Reached skill level 7 in Ranged Weapons
  2797 | D:5      | Noticed Ijyb
  2810 | D:5      | Killed Ijyb
  2820 | D:5      | Reached * piety under Okawaru
  2835 | D:5      | Noticed Duvessa
  2839 | D:5      | Noticed Menkaure
  2848 | D:5      | Killed Duvessa
  2855 | D:5      | Noticed Dowan
  2978 | D:5      | Reached ** piety under Okawaru
  2979 | D:5      | Reached XP level 7. HP: 35/41 MP: 9/9
  2991 | D:5      | Killed Dowan
  2992 | D:5      | Reached skill level 8 in Ranged Weapons
  3225 | D:6      | Reached skill level 5 in Dodging
  3226 | D:6      | Reached skill level 9 in Ranged Weapons
  3226 | D:6      | Reached XP level 8. HP: 25/47 MP: 10/10
  3393 | D:6      | Noticed Prince Ribbit
  3403 | D:6      | Killed Prince Ribbit
  3403 | D:6      | Reached *** piety under Okawaru
  3872 | D:6      | Found a hazy altar of Hepliaklqana.
  3878 | D:6      | Found an ornate altar of the Wu Jian Council.
  3880 | D:6      | Found a glowing golden altar of the Shining One.
  3886 | D:6      | Found a sparkling altar of Nemelex Xobeh.
  3888 | D:6      | Noticed Sigmund
  3894 | D:6      | Killed Sigmund
  3895 | D:6      | Reached skill level 10 in Ranged Weapons
  3898 | D:6      | Found an ancient bone altar of Kikubaaqudgha.
  3972 | D:5      | Reached **** piety under Okawaru
  4038 | D:5      | Killed Menkaure
  4214 | D:5      | Reached XP level 9. HP: 51/52 MP: 11/11
  4235 | D:5      | Noticed Blork the orc
  4240 | D:5      | Killed Blork the orc
  4825 | D:7      | Reached skill level 11 in Ranged Weapons
  4825 | D:7      | Reached skill level 1 in Invocations
  4825 | D:7      | Reached skill level 1 in Evocations
  5026 | D:7      | Found a staircase to the Ecumenical Temple.
  5032 | Temple   | Entered the Ecumenical Temple
  5032 | Temple   | Found a transporter.
  5032 | Temple   | Found a transporter.
  5034 | Temple   | Found a transporter.
  5034 | Temple   | Found a transporter.
  5804 | D:7      | Reached skill level 5 in Stealth
  5876 | D:8      | Noticed a two-headed ogre
  5891 | D:8      | Killed a two-headed ogre
  5891 | D:8      | Reached ***** piety under Okawaru
  5892 | D:8      | Reached skill level 5 in Fighting
  5892 | D:8      | Reached skill level 12 in Ranged Weapons
  6055 | D:8      | Reached XP level 10. HP: 32/59 MP: 14/14
  6152 | D:8      | Identified the +0 buckler of Binlean {rElec} (Okawaru
                  | gifted it to you on level 8 of the Dungeon)
  6152 | D:8      | Received a gift from Okawaru
  6468 | D:8      | Noticed an elephant
  6486 | D:8      | Killed an elephant
  6553 | D:8      | Found a staircase to the Lair.
  6625 | D:8      | Noticed Psyche
  6633 | D:8      | Killed Psyche
  6718 | D:8      | Noticed Maurice
  6732 | D:8      | Killed Maurice
  6765 | D:8      | Reached skill level 13 in Ranged Weapons
  6877 | D:8      | Found Cuesin's Jewellery Boutique.
  7567 | D:9      | Found a staircase to the Orcish Mines.
  7623 | D:9      | Found a flagged portal.
  7652 | Bailey   | Entered a bailey
  7916 | D:9      | Noticed Erica
  7925 | D:9      | Killed from afar by Erica

Illustrated notes

Levels and vault maps discovered:
D:1:      dpeg_arrival_boxorama, layout_basic, chequers_serial_rivers_small_a,
          minmay_misc_feat_plants, st_stairs_8
D:2:      layout_basic, minmay_pentomino_s2
D:3:      layout_rooms, hellmonk_okawaru_the_only_friend_you_need,
          grunt_gozag_breadcrumbs, shapermc_ecumenical_altar_mp_ritualfount,
          minmay_misc_feat_encased, uniq_robin
D:4:      layout_loops_ring, lemuel_tele_altar, mainiacjoe_overflow_brackets,
          serial_shops, nicolae_shop_bloodbath_and_beyond
D:5:      cheibrodos_barr_body, layout_rooms, uniq_menkaure, uniq_blork_the_orc,
          uniq_duvessa, uniq_ijyb
D:6:      layout_basic, nicolae_overflow_hallway_of_the_gods, uniq_sigmund,
          uniq_prince_ribbit1
D:7:      layout_layer_cave, minmay_temple_entry_hall, roderic_st_hans_cross
D:8:      nicolae_cairo_tiling_large, layout_basic, david_lair_generic,
          serial_shops, nicolae_shop_hallway_plus, uniq_psyche, uniq_maurice
D:9:      layout_grid_maze, erik_orc_3, enter_bailey_2, uniq_erica
Temple:   hellmonk_temple_divided_pantheon

Skill      XL: |  1  2  3  4  5  6  7  8  9 10 |
---------------+-------------------------------+-----
Stealth        | 2 3 4 5 |  5.0
Fighting       | 2 3 4 5 |  5.9
Ranged Weapons | 6 7 9 10 12 13 | 13.4
Dodging        | 3 4 5 6 7 8 |  8.4
Armour         | 1 2 3 4 |  4.0
Invocations    | 3 4 |  4.7
Evocations     | 3 4 |  4.6

Action                   |  1- 3 |  4- 6 |  7- 9 | 10-12 || total
-------------------------+-------+-------+-------+-------++-------
Melee: Unarmed           |       |       |       |     2 ||     2
 Fire: Shortbow          |   126 |   174 |   204 |   142 ||   646
Throw: Throwing net      |       |       |     2 |       ||     2
Evoke: Wand              |       |     1 |     4 |    27 ||    32
  Use: Scroll            |       |    10 |     1 |     4 ||    15
Armor: Ring mail         |    14 |    32 |    30 |    50 ||   126
Dodge: Dodged            |    39 |    42 |    61 |    92 ||   234
Block: Other             |       |       |       |    19 ||    19

Table legend: (Time is in decaauts)
 A = Elapsed time spent in this place.
 B = Non-inter-level travel time spent in this place.
 C = Inter-level travel time spent in this place.
 D = Time resting spent in this place.
 E = Time spent auto-exploring this place.
 F = Levels seen in this place.
 G = Mean time per level.
                   A        B        C        D        E       F      G
               +--------+--------+--------+--------+--------+-----+--------+
         Total |   8072 |   7680 |    392 |   1413 |   4504 |  11 |  733.8 |
       Dungeon |   8025 |   7644 |    381 |   1413 |   4498 |   9 |  891.7 |
        Temple |     23 |     12 |     11 |      0 |      6 |   1 |   23.0 |
        Bailey |     23 |     23 |      0 |      0 |      0 |   1 |   23.0 |
               +--------+--------+--------+--------+--------+-----+--------+

Top non-repeatable levels by time:
     D:8: 1566 daAuts
     D:7: 1069 daAuts
     D:6: 1060 daAuts
     D:5: 1015 daAuts
     D:4: 919 daAuts
     D:1: 688 daAuts
     D:2: 658 daAuts
     D:3: 650 daAuts
     D:9: 396 daAuts
  Temple: 23 daAuts
  Bailey: 23 daAuts
